 Dungeon Crawl Stone Soup version 0.31-a0-167-g1c394c0614 (webtiles) character file.

Game seed: 333939061263944515

77 qw the Shooter (level 4, -1/40 HPs)
             Began as a Naga Hunter on June 14, 2023.
             Slain by a gnoll
             ... wielding a +0 club
              (7 damage)
             ... on level 2 of the Dungeon.
             The game lasted 00:00:26 (783 turns).

qw the Shooter (Naga Hunter)                         Turns: 783, Time: 00:00:27

Health: -1/40      AC:  2    Str: 14    XL:     4   Next: 33%
Magic:  4/4        EV:  5    Int:  9    God:
Gold:   102        SH:  0    Dex: 16    Spells: 3/3 levels left

rFire   . . .        Y - +1 shortbow
rCold   . . .        (shield currently unavailable)
rNeg    . . .        c - +0 leather armour
rPois   +            (no helmet)
rElec   .            (no cloak)
rCorr   .            (no gloves)
SInv    +            (no barding)
Will    .....        (no amulet)
Stlth   ++           (no ring)
HPRegen 0.26/turn    (no ring)
MPRegen 0.09/turn

%: no passive effects
@: held, very slow
A: AC +1, large, see invisible, deformed body, poison resistance, slowness 2,
spit poison 1, naga tail 1
a: Spit Poison


You were on level 2 of the Dungeon.
You visited 1 branch of the dungeon, and saw 2 of its levels.

You collected 102 gold pieces.


Innate Abilities, Weirdness & Mutations

Your serpentine skin is tough. (AC +1)
You have supernaturally acute eyesight. (SInv)
Armour fits poorly on your strangely shaped body.
Your system is resistant to poisons. (rPois)
You cover ground very slowly.
You can spit poison.
You have a snake-like lower body.


   Skills:
 + Level 2.5 Fighting
 - Level 5.0 Ranged Weapons
 - Level 1.5 Dodging
 - Level 1.5 Stealth


You had 3 spell levels left.
You didn't know any spells.
Your spell library was empty.

Inventory:

Hand Weapons
 Y - a +1 shortbow (weapon)
Armour
 a - a +0 helmet
 c - a +0 leather armour (worn)
Scrolls
 f - a scroll of teleportation {unknown}
Potions
 b - 2 potions of mutation {unknown}
 d - a potion of might {unknown}
 e - a potion of brilliance {unknown}
 g - a potion of curing {unknown}

Dungeon Overview and Level Annotations

Branches:
Dungeon (2/15)

Altars:


Message History

The gnoll is severely wounded.
A gnoll comes into view. It is wielding a +0 club.
You shoot an arrow. The arrow hits the ball python.
You kill the ball python!
A gnoll comes into view. It is wielding a +0 club.
A gnoll comes into view. It is wielding a +0 spear.
The gnoll moves out of view.
You shoot an arrow.
The arrow hits the gnoll but does no damage.
The gnoll is severely wounded.
You have got your breath back.
775 ||| INVOKING Spit Poison.
Aiming: Spit Poison (1% risk of failure)
Press: ? - help, Shift-Dir - straight line, f/p - gnoll The splash of poison hits the gnoll but does no damage.
The gnoll is severely wounded.
776 ||| Stepping ~*~*~tactically~*~*~ (outnumbered).
The gnoll misses you. The gnoll barely misses you.
You shoot an arrow.
The arrow completely misses the gnoll. x2
The gnoll barely misses you. The gnoll hits you with a +0 club.
You shoot an arrow. The arrow hits the gnoll.
The gnoll is almost dead.
You have got your breath back.
The gnoll hits you from afar with a +0 spear.
The gnoll hits you but does no damage.
The gnoll throws a throwing net.
The throwing net hits you.
You become entangled in the net!
The gnoll hits you with a +0 club.
You struggle against the net.
The gnoll barely misses you. The gnoll hits you with a +0 club.
The gnoll barely misses you.
You struggle against the net.
The gnoll hits you from afar with a +0 spear!
The gnoll hits you with a +0 club. The gnoll closely misses you.
You struggle against the net.
The gnoll completely misses you. The gnoll barely misses you.
The gnoll hits you with a +0 club.
You struggle against the net.
The gnoll hits you from afar with a +0 spear!
The gnoll hits you but does no damage. The gnoll hits you with a +0 club!
You die...

.#.##.##.......#
......##.##.##.#
.#.##.......##.# ####
#.#...#.#####.###%....
#.......#####.....#
#......).......####
####...########.#######
.# #...# #.......>#
.###...##### #.g@###..#
............ #..gg....#
.%..........
#..g.......
............
#.#........
.###...####.
#.#........ .# #...#
...%......# ## #...#
####.......# ###...###
#........ ##.......#


You could see 4 gnolls.

Vanquished Creatures
  3 adders (D:2)
  2 dart slugs (D:1)
  8 endoplasms
  A giant cockroach (D:2)
  5 goblins
  4 hobgoblins
  3 jackals (D:1)
  6 kobolds
  A quokka (D:2)
  3 ball pythons (D:2)
  A bat (D:1)
  2 frilled lizards (D:1)
  4 rats
43 creatures vanquished.

Notes
Turn   | Place    | Note
-------+----------+-------------------------------------------
     0 | D:1      | qw the Naga Hunter began the quest for the Orb.
     0 | D:1      | Reached XP level 1. HP: 19/19 MP: 1/1
     0 | D:1      | 0 ||| qw: Version: 0.2-a-29-g1fa15c8
     0 | D:1      | 0 ||| qw: Game counter: 4994
     0 | D:1      | 0 ||| qw: Always use a shield: true
     0 | D:1      | 0 ||| qw: God list: Okawaru
     0 | D:1      | 0 ||| qw: Allow faded altars: false
     0 | D:1      | 0 ||| qw: Do Orc after D:15 true
     0 | D:1      | 0 ||| qw: Do second Lair branch before Depths: true
     0 | D:1      | 0 ||| qw: Lair rune preference: random
     0 | D:1      | 0 ||| qw: Plans: Normal
     0 | D:1      | 0 ||| PLANNING D:1-11
    68 | D:1      | 68 ||| INVOKING Spit Poison.
   125 | D:1      | 125 ||| INVOKING Spit Poison.
   146 | D:1      | 146 ||| INVOKING Spit Poison.
   150 | D:1      | Reached skill level 4 in Ranged Weapons
   150 | D:1      | Reached XP level 2. HP: 26/26 MP: 2/2
   152 | D:1      | 152 ||| INVOKING Spit Poison.
   169 | D:1      | 169 ||| INVOKING Spit Poison.
   173 | D:1      | 173 ||| INVOKING Spit Poison.
   178 | D:1      | Found a faded altar of an unknown god.
   194 | D:1      | 194 ||| INVOKING Spit Poison.
   198 | D:1      | 198 ||| INVOKING Spit Poison.
   201 | D:1      | 201 ||| INVOKING Spit Poison.
   206 | D:1      | 206 ||| INVOKING Spit Poison.
   245 | D:1      | 245 ||| INVOKING Spit Poison.
   250 | D:1      | Reached XP level 3. HP: 32/32 MP: 3/3
   258 | D:1      | 258 ||| INVOKING Spit Poison.
   294 | D:1      | 294 ||| INVOKING Spit Poison.
   429 | D:1      | 429 ||| READING scroll labelled FIONKU PASA.
   430 | D:1      | 430 ||| READING 2 scrolls labelled CIMEUN RULI.
   431 | D:1      | 431 ||| READING scroll labelled SAZATU ECE WOAQE.
   432 | D:1      | 432 ||| DROPPING scroll of butterflies.
   433 | D:1      | 433 ||| DROPPING scroll of immolation.
   475 | D:2      | 475 ||| INVOKING Spit Poison.
   489 | D:2      | 489 ||| INVOKING Spit Poison.
   521 | D:2      | 521 ||| INVOKING Spit Poison.
   535 | D:2      | 535 ||| INVOKING Spit Poison.
   555 | D:2      | 555 ||| INVOKING Spit Poison.
   582 | D:2      | 582 ||| INVOKING Spit Poison.
   587 | D:2      | 587 ||| INVOKING Spit Poison.
   591 | D:2      | Reached skill level 5 in Ranged Weapons
   630 | D:2      | Reached XP level 4. HP: 39/39 MP: 4/4
   701 | D:2      | 701 ||| INVOKING Spit Poison.
   724 | D:2      | 724 ||| INVOKING Spit Poison.
   761 | D:2      | 761 ||| INVOKING Spit Poison.
   765 | D:2      | 765 ||| Stepping ~*~*~tactically~*~*~ (outnumbered).
   766 | D:2      | 766 ||| INVOKING Spit Poison.
   769 | D:2      | 769 ||| INVOKING Spit Poison.
   775 | D:2      | 775 ||| INVOKING Spit Poison.
   776 | D:2      | 776 ||| Stepping ~*~*~tactically~*~*~ (outnumbered).
   783 | D:2      | HP: 6/40 [gnoll/+0 spear (7)]
   783 | D:2      | Slain by a gnoll

Levels and vault maps discovered:
D:1:      reono_arrival_forest_river, layout_rooms,
          ebering_ecumenical_altar_mist
D:2:      layout_loops_cross

Skill      XL: |  1  2  3 |
---------------+----------+-----
Ranged Weapons | 4 5 |  5.0
Fighting       | |  2.5
Dodging        | |  1.5
Stealth        | |  1.5

Action                     |  1- 3 |  4- 6 || total
---------------------------+-------+-------++-------
   Fire: Shortbow          |    60 |    12 ||    72
Ability: Spit Poison       |    20 |     6 ||    26
    Use: Scroll            |     3 |       ||     3
 Armour: Leather armour    |     3 |     2 ||     5
  Dodge: Dodged            |     9 |     9 ||    18

Table legend:
 A = Non-vault XP
 B = Vault XP
 C = Vault XP percentage of total XP
 D = Non-vault monster count
 E = Vault monster count
 F = Vault count percentage of total count
                 A         B        C        D         E       F
            +---------+---------+-------+---------+---------+-------
      Total |     110 |       0 |   0.0 |      43 |       0 |   0.0
            +---------+---------+-------+---------+---------+-------
        D:1 |      43 |       0 |   0.0 |      23 |       0 |   0.0
        D:2 |      67 |       0 |   0.0 |      20 |       0 |   0.0
            +---------+---------+-------+---------+---------+-------
